 Dungeon Sprint DCSS version 0.26-a0-649-gf8c6c3aab7 (webtiles) character file.

Game seed: 17026752913474258130

14 sahdkjhfkaj the Caller (level 2, -3/11 HPs)
             Began as a Felid Summoner on Sept 27, 2020.
             Was a Follower of Sif Muna.
             Slain by a worker ant (8 damage)
             ... in the Dungeon (Sprint VII: "The Pits").
             The game lasted 00:01:19 (615 turns).

sahdkjhfkaj the Caller (Felid Summoner)              Turns: 615, Time: 00:01:19

Health: -3/11      AC:  1    Str:  4    XL:     2   Next: 31%
Magic:  1/6        EV: 19    Int: 16    God:    Sif Muna [*.....]
Gold:   0          SH:  0    Dex: 16    Spells: 3/6 levels left
                                        Lives:  0   Deaths: 0

rFire    . . .     SeeInvis +   (weapon unavailable)
rCold    . . .     Faith    .   (shield unavailable)
rNeg     . . .     Spirit   .   (armour unavailable)
rPois    .         Reflect  .   (helmet unavailable)
rElec    .         Harm     .   (cloak unavailable)
rCorr    .         Rampage  .   (gloves unavailable)
MR       .....     NoTele   +   (boots unavailable)
Stlth    +++.......             (no amulet)
HPRegen  0.03/turn              (no ring)
MPRegen  0.10/turn              (no ring)

@: quick
A: very small, no armour, no weapons or thrown items, stealth, claws 1, fangs 3,
see invisible, speed 1, shaggy fur 1, sharp paws
a: Channel Magic, Renounce Religion


You were in the Dungeon.
You worshipped Sif Muna.
Sif Muna was aware of your devotion.
You visited 1 branch

Inventory:

Scrolls
 g - a scroll of blinking
 h - 3 scrolls of remove curse
 i - 5 scrolls of amnesia
 j - a scroll of summoning
 k - 2 scrolls of vulnerability
Potions
 a - 2 potions of invisibility
 b - a potion of curing
 c - a potion of heal wounds
 d - a potion of haste
 e - 4 potions of magic
 f - 3 potions of berserk rage


   Skills:
 + Level 4.1 Dodging
 - Level 2.6 Stealth
 + Level 2.9 Spellcasting
 * Level 5.2 Summonings


You had 3 spell levels left.
You knew the following spells:

 Your Spells              Type           Power        Failure   Level
a - Summon Small Mammal   Summ           ###.         2%          1
I - Call Imp              Summ           ###.....     3%          2

Your spell library contained the following spells:

 Spells                   Type           Power        Failure   Level
 Call Canine Familiar     Summ           ###.....     6%          3
 Summon Guardian Golem    Hex/Summ       ##......     19%         3
 Summon Ice Beast         Ice/Summ       ##......     54%         4
 Summon Lightning Spire   Summ/Air       ##......     54%         4


Dungeon Overview and Level Annotations

Branches:
Dungeon (1/1)

Altars:
Ashenzari
Cheibriados
Dithmenos
Elyvilon
Fedhas
Gozag
Hepliaklqana
Kikubaaqudgha
Makhleb
Nemelex Xobeh
Okawaru
Qazlal
Ru
Sif Muna
Trog
Uskayaw
Vehumet
Wu Jian
Xom
Yredelemnul
Zin
The Shining One
Beogh
Jiyva
Lugonu


Innate Abilities, Weirdness & Mutations

You cannot wear armour.
You are incapable of wielding weapons or throwing items.
Your paws allow you to move quietly. (Stealth)
You have sharp claws.
You have razor-sharp teeth.
You have supernaturally acute eyesight. (SInv)
You cover ground quickly.
You are covered in fur. (AC +1)
Your sharp claws are effective at attacking unaware monsters.


Message History

The worker ant is almost dead.
The worker ant misses you.
Unknown command.
You scratch the worker ant but do no damage.
The worker ant is almost dead.
The worker ant closely misses you.
Your crimson imp hits the worker ant but does no damage.
Unknown command.
You barely miss the worker ant. Your bite misses the worker ant.
The worker ant is almost dead.
The worker ant misses you.
Your crimson imp hits the worker ant but does no damage.
The worker ant completely misses you.
Unknown command.
You scratch the worker ant but do no damage.
The worker ant is almost dead.
Your crimson imp barely misses the worker ant.
The worker ant bites you!
Ouch! That really hurt!
You die...

#_______...##########
##########'##........
#..(.')))'.##......#.
##########.##........
#.........(.(....(...
#+#####'#####......#.
#..#..# #........
#..รท..# ####'####
#.@#### #.......#
#.a#zg# #.......#
#55#..# #.......#
##'#..#+###...<...#
#........##.......#
#........##.......#
###########.......#
#########


You could see a worker ant and 2 friendly crimson imps.

Vanquished Creatures
  An adder (D)
  A bat zombie (D)
2 creatures vanquished.

Vanquished Creatures (collateral kills)
  An ooze (D)
  A leopard gecko (D)
  A kobold (D)
  A quokka (D)
  A frilled lizard (D)
5 creatures vanquished.

Grand Total: 7 creatures vanquished

Notes
Turn   | Place    | Note
-------+----------+-------------------------------------------
     0 | D        | sahdkjhfkaj the Felid Summoner began the quest for the Orb.
     0 | D        | Reached XP level 1. HP: 7/7 MP: 4/4
   161 | D        | Found a bloodstained altar of Trog.
   161 | D        | Found a shimmering blue altar of Sif Muna.
   161 | D        | Found a viscous altar of Jiyva.
   161 | D        | Found a hazy altar of Hepliaklqana.
   161 | D        | Found an opulent altar of Gozag.
   162 | D        | Found a glowing golden altar of the Shining One.
   162 | D        | Found a glowing silver altar of Zin.
   162 | D        | Found a basalt altar of Yredelemnul.
   162 | D        | Found a shimmering altar of Xom.
   162 | D        | Found an ornate altar of the Wu Jian Council.
   162 | D        | Found a sacrificial altar of Ru.
   162 | D        | Found a stormy altar of Qazlal.
   162 | D        | Found an iron altar of Okawaru.
   162 | D        | Found a sparkling altar of Nemelex Xobeh.
   162 | D        | Found a burning altar of Makhleb.
   162 | D        | Found a blossoming altar of Fedhas.
   162 | D        | Found a white marble altar of Elyvilon.
   162 | D        | Found a shadowy altar of Dithmenos.
   162 | D        | Found a snail-covered altar of Cheibriados.
   164 | D        | Found a corrupted altar of Lugonu.
   164 | D        | Found a radiant altar of Vehumet.
   164 | D        | Found a roughly hewn altar of Beogh.
   165 | D        | Found an ancient bone altar of Kikubaaqudgha.
   165 | D        | Found a hide-covered altar of Uskayaw.
   165 | D        | Found a broken altar of Ashenzari.
   170 | D        | Became a worshipper of Sif Muna the Loreminder
   350 | D        | Reached * piety under Sif Muna
   372 | D        | Reached skill level 5 in Summonings
   372 | D        | Reached XP level 2. HP: 6/11 MP: 1/6
   581 | D        | Learned a level 2 spell: Call Imp
   587 | D        | Noticed a flying skull
   615 | D        | Slain by a worker ant

Illustrated notes

Levels and vault maps discovered:
D:        pitsprint [storerooms_1, entrance_room_1, metal_vault_2, armoury_1,
          mini_pit_1, grid_room_1, main_hall_1, silver_pit, the_coven_3,
          the_vestibule_1, steel_vault_5, golden_pit, hallway_of_sentries,
          crystal_vault_1, iron_vault_1, final_vault]

Skill      XL: |  1 |
---------------+----+-----
Dodging        | 4 |  4.1
Summonings     | 5 |  5.2
Stealth        | |  2.6
Spellcasting   | |  2.9

Action                   || total
-------------------------++-------
Melee: Unarmed           ||    20
       Bite              ||     1
 Cast: Summon Small Mamm ||    12
       Call Imp          ||     4
 Stab: Distracted        ||     2
Armor: Skin              ||     1
Dodge: Dodged            ||    30

Table legend: (Time is in decaauts)
 A = Elapsed time spent in this place.
 B = Non-inter-level travel time spent in this place.
 C = Inter-level travel time spent in this place.
 D = Time resting spent in this place.
 E = Time spent auto-exploring this place.
 F = Levels seen in this place.
 G = Mean time per level.
                   A        B        C        D        E       F      G
               +--------+--------+--------+--------+--------+-----+--------+
         Total |    602 |    602 |      0 |    475 |      0 |   1 |  602.0 |
       Dungeon |    602 |    602 |      0 |    475 |      0 |   1 |  602.0 |
               +--------+--------+--------+--------+--------+-----+--------+

Top non-repeatable levels by time:
       D: 602 daAuts
